 Dungeon Crawl Stone Soup version 0.30.1-4-g462c640d31 (webtiles) character file.

Game seed: 7436729918838822537

53 ChiefBigBeans the Shooter (level 3, 0/22 HPs)
             Began as a Tengu Hunter on Sept 12, 2023.
             Slain by a hobgoblin (3 damage)
             ... on level 3 of the Dungeon.
             The game lasted 00:02:48 (1087 turns).

ChiefBigBeans the Shooter (Tengu Hunter)            Turns: 1087, Time: 00:02:50

Health: 0/22       AC:  3    Str: 11    XL:     3   Next: 87%
Magic:  4/4        EV: 13    Int:  9    God:
Gold:   136        SH:  0    Dex: 19    Spells: 2/2 levels left

rFire   . . .        a - +0 shortbow
rCold   . . .        (shield currently unavailable)
rNeg    . . .        c - +0 leather armour
rPois   .            (helmet restricted)
rElec   .            (no cloak)
rCorr   .            (no gloves)
SInv    .            (boots unavailable)
Will    .....        (no amulet)
Stlth   ++           (no ring)
HPRegen 0.23/turn    (no ring)
MPRegen 0.09/turn

%: no passive effects
@: no status effects
A: beak, talons 3
a: no special abilities


You were on level 3 of the Dungeon.
You visited 1 branch of the dungeon, and saw 3 of its levels.

You collected 136 gold pieces.

Inventory:

Hand Weapons
 a - a +0 shortbow (weapon)
Armour
 c - a +0 leather armour (worn)
 l - an orb of light
Scrolls
 b - 2 scrolls of immolation
 e - a scroll of acquirement {unknown}
 g - 3 scrolls of identify {unknown}
 h - a scroll of poison {unknown}
Potions
 d - 2 potions of heal wounds
 f - a potion of might {unknown}
 i - a potion of degeneration {unknown}
 j - a potion of mutation {unknown}
 k - a potion of berserk rage {unknown}
 m - a potion of magic {unknown}
 n - a potion of curing {unknown}


   Skills:
 + Level 2.5 Fighting
 + Level 4.8 Ranged Weapons
 + Level 1.6 Armour
 + Level 2.9 Dodging
 - Level 1.0 Stealth


You had 2 spell levels left.
You didn't know any spells.
Your spell library was empty.

Dungeon Overview and Level Annotations

Branches:
Dungeon (3/15)

Altars:

Annotations:
D:2 Sigmund


Innate Abilities, Weirdness & Mutations

You have a beak for a mouth.
You have claws for feet.


Message History

You are too injured to fight recklessly!
Fire: a) +0 shortbow
Press: ? - help, Q - select action Shift-Dir - straight line, f/p - white imp
Aim: a white imp (almost dead, 64% to hit)
You shoot an arrow. The arrow barely misses the white imp.
The hobgoblin shouts!
You hear a shout!
Fire: a) +0 shortbow
Press: ? - help, Q - select action Shift-Dir - straight line, f/p - white imp
Aim: a white imp (almost dead, 64% to hit)
You shoot an arrow.
The arrow hits the white imp but does no damage.
The white imp is almost dead.
The white imp gestures at you. The puff of frost hits you!
* * * LOW HITPOINT WARNING * * *
Fire: a) +0 shortbow
Press: ? - help, Q - select action Shift-Dir - straight line, f/p - white imp
Aim: a white imp (almost dead, 64% to hit)
You shoot an arrow.
The arrow hits the white imp but does no damage.
The white imp is almost dead.
Fire: a) +0 shortbow
Press: ? - help, Q - select action Shift-Dir - straight line, f/p - white imp
Aim: a white imp (almost dead, 64% to hit)
You shoot an arrow. The arrow hits the white imp.
You kill the white imp!
Fire: a) +0 shortbow
Press: ? - help, Q - select action Shift-Dir - straight line, f - hobgoblin
Aim: a hobgoblin (64% to hit)
You shoot an arrow. The arrow hits the hobgoblin.
The hobgoblin is heavily wounded.
A goblin comes into view. It is wielding a +0 club.
The hobgoblin barely misses you.
Fire: a) +0 shortbow
Press: ? - help, Q - select action Shift-Dir - straight line, f/p - hobgoblin
Aim: a hobgoblin (heavily wounded, 64% to hit)
You shoot an arrow. The arrow barely misses the hobgoblin.
The goblin hits you but does no damage. The hobgoblin hits you.
You die...

[........###.###
.####...........
#......#.##.####
..####.#.#...#
#.##...#.#.#.###
#.##.#.#...#...###
#.#......#####...#
#.#..#.#...#...#.#
#.#..#.###.#.###@#
<......# #...#
#gg...... ..###..#
##### #..######
..# #..# #..#
#.###..# #...
#..†..## ##.##
####### .# .#


You could see a hobgoblin and a goblin.

Vanquished Creatures
  An adder (D:2)
  A white imp (D:3)
  A dart slug (D:3)
  3 bats
  3 endoplasms
  A giant cockroach (D:1)
  5 goblins
  4 hobgoblins
  4 jackals (D:1)
  A kobold (D:2)
  A quokka (D:1)
  A ball python (D:1)
  A frilled lizard (D:1)
  6 rats
33 creatures vanquished.

Notes
Turn   | Place    | Note
-------+----------+-------------------------------------------
     0 | D:1      | ChiefBigBeans the Tengu Hunter began the quest for the Orb.
     0 | D:1      | Reached XP level 1. HP: 12/12 MP: 2/2
   292 | D:1      | Reached XP level 2. HP: 17/17 MP: 3/3
   475 | D:1      | Reached skill level 1 in Armour
   717 | D:2      | Reached XP level 3. HP: 22/22 MP: 4/4
   816 | D:2      | Found a faded altar of an unknown god.
   864 | D:2      | Noticed Sigmund
   876 | D:2      | HP: 1/22 [poisoned by an adder]
  1087 | D:3      | Slain by a hobgoblin

Illustrated notes

Levels and vault maps discovered:
D:1:      mrwooster_arrival_arrow, layout_loops_ring, dk_noncrumbling_2
D:2:      layout_rooms, shapermc_ecumenical_altar_totnotflames, uniq_sigmund
D:3:      layout_loops_ring

Skill      XL: |  1  2 |
---------------+-------+-----
Armour         | 1 |  1.6
Fighting       | |  2.5
Ranged Weapons | |  4.8
Dodging        | |  2.9
Stealth        | |  1.0

Action                     || total
---------------------------++-------
  Melee: Shortbow          ||     2
         Kick              ||     1
   Fire: Shortbow          ||    69
    Use: Potion            ||     1
 Armour: Leather armour    ||     6
  Dodge: Dodged            ||    19
